 Dungeon Crawl Stone Soup version 0.28.0-45-g0d030f2227 (webtiles) character file.

Game seed: 14408609513645424887

6116 MisterFreud the Slicer (level 10, 0/74 HPs)
             Began as an Octopode Gladiator on May 27, 2022.
             Was an Initiate of Gozag.
             Slain by a yak (3 damage)
             ... while petrified by a basilisk
             ... on level 9 of the Dungeon.
             The game lasted 00:15:55 (11736 turns).

MisterFreud the Slicer (Octopode Gladiator)        Turns: 11736, Time: 00:15:56

Health: 0/74       AC:  1    Str: 16    XL:     10   Next: 89%
Magic:  10/10      EV:  2    Int: 10    God:    Gozag
Gold:   285        SH:  0    Dex: 16    Spells: 9/9 levels left

rFire   . . .      SeeInvis .   a - +0 rapier
rCold   . . .      Faith    .   (no shield)
rNeg    + + +      Spirit   .   b - +0 hat
rPois   ∞          Reflect  +   e - amulet of reflection
rElec   .          Harm     .   i - +4 ring of protection
rCorr   +          Rampage  .   r - ring of resist corrosion
Will    .....                   t - ring of wizardry
Stlth   ++........              (no ring)
HPRegen 0.22/turn               (no ring)
MPRegen 0.12/turn               (no ring)
                                (no ring)
                                (no ring)

@: petrified, corroded
A: almost no armour, amphibious, 8 rings, camouflage 1, gelatinous body 1,
(nimble swimmer 1), tentacles
a: Renounce Religion, Potion Petition, Call Merchant, Bribe Branch


You were on level 9 of the Dungeon.
You worshipped Gozag.
Gozag was aware of your devotion.
You visited 1 branch of the dungeon, and saw 9 of its levels.

You collected 615 gold pieces.
You spent 211 gold pieces at shops.
You paid 119 gold pieces to Gozag.

Inventory:

Hand Weapons
 a - a +0 rapier (weapon)
 n - the +5 spear of Nimoefui {antimagic, Int+6}
   (You found it on level 2 of the Dungeon)

   It reduces the magical energy of the wielder, and disrupts the spells and
   magical abilities of those it strikes.
   Natural abilities and divine invocations are not affected.
   Int:       It affects your intelligence (+6).
Missiles
 c - 6 throwing nets (quivered)
 l - 4 javelins
 o - 12 poisoned darts
 p - 5 datura-tipped darts
Armour
 b - a +0 hat (worn)
Jewellery
 d - an amulet of magic regeneration
 e - an amulet of reflection (around mantle)
 i - a +4 ring of protection (left tentacle)
 r - a ring of resist corrosion (right tentacle)
 t - a ring of wizardry (on tentacle)
Wands
 v - a wand of flame (21)
Scrolls
 q - a scroll of immolation
 s - 2 scrolls of identify
 w - a scroll of silence {unknown}
 y - a scroll of enchant weapon {unknown}
 A - 2 scrolls of blinking {unknown}
Potions
 f - a potion of brilliance {unknown}
 g - a potion of invisibility
 h - a potion of heal wounds
 j - 3 potions of cancellation {unknown}
 k - 2 potions of mutation {unknown}
 m - 4 potions of attraction
 u - 3 potions of curing
 x - a potion of flight {unknown}
 z - a potion of degeneration {unknown}
 B - a potion of resistance


   Skills:
 + Level 9.3 Fighting
 - Level 10.0 Short Blades
 - Level 2.0 Throwing
 - Level 10.0 Dodging


You had 9 spell levels left.
You didn't know any spells.
Your spell library contained the following spells:

 Spells                   Type           Power      Damage    Failure   Level
 Beastly Appendage        Tmut           0%         N/A       16%         1
 Foxfire                  Conj/Fire      0%         2x1d4     16%         1
 Slow                     Hex            0%         N/A       16%         1
 Wereblood                Tmut           0%         N/A       22%         2
 Confusing Touch          Hex            0%         N/A       41%         3
 Conjure Flame            Conj/Fire      0%         6-21      41%         3
 Inner Flame              Hex/Fire       0%         N/A       41%         3
 Spider Form              Tmut/Pois      0%         N/A       41%         3
 Vampiric Draining        Necr           0%         2d6       41%         3
 Animate Dead             Necr           0%         N/A       80%         4
 Flame Wave               Conj/Fire      0%         2d4       80%         4
 Petrify                  Tmut/Erth      0%         N/A       80%         4
 Metabolic Englaciation   Hex/Ice        0%         N/A       98%         5
 Statue Form              Tmut/Erth      0%         N/A       100%        6
 Haunt                    Necr/Summ      0%         N/A       100%        7
 Infestation              Necr           0%         N/A       100%        8


Dungeon Overview and Level Annotations

Branches:
Dungeon (9/15)             Temple (0/1) D:7
   Lair: D:8-11         Orc: D:9-12

Altars:
Ashenzari
Gozag
Hepliaklqana
Qazlal
Trog
The Shining One

Shops:
D:4 !   D:5 :=   D:8 ?   D:9 (

Annotations:
D:7 shugdite's ghost, novice MiFi


Innate Abilities, Weirdness & Mutations

You cannot wear most types of armour.
You are amphibious.
You can wear up to eight rings at the same time.
Your skin changes colour to match your surroundings (Stealth+).
Your rubbery body absorbs attacks. (AC +1, EV +1)
((You are camouflaged when in or above water. (Stealth+)))
You have tentacles for arms and can constrict up to eight enemies at once.


Message History

You hit the acid dragon.
The acid dragon is lightly wounded.
The acid dragon closely misses you. You block the acid dragon's attack.
Unknown command.
You hit the acid dragon but do no damage.
The acid dragon is lightly wounded.
The acid dragon spits acid at you. The splash of acid hits you! You resist.
The acid corrodes you!
You hear an angry hiss.
You have turned to stone.
The acid dragon bites you! The acid dragon claws you.
The basilisk barely misses you. The acid dragon bites you!
The acid dragon completely misses you. The basilisk bites you!!
The acid dragon bites you. The acid dragon claws you.
A water moccasin comes into view.
The basilisk gazes at you. The acid dragon bites you!
The acid dragon claws you. The yak gores you.
The water moccasin hisses angrily.
The basilisk bites you! The acid dragon bites you!
The acid dragon barely misses you.
The wyvern hisses menacingly.
The yak gores you!
* * * LOW HITPOINT WARNING * * *
The basilisk bites you.
* * * LOW HITPOINT WARNING * * *
The acid dragon spits acid at you. The splash of acid hits you! You resist.
* * * LOW HITPOINT WARNING * * *
The yak gores you!
* * * LOW HITPOINT WARNING * * *
You hear a bellow!
A water moccasin comes into view.
The basilisk gazes at you. You resist with some effort.
The acid dragon bites you.
* * * LOW HITPOINT WARNING * * *
The acid dragon claws you.
* * * LOW HITPOINT WARNING * * *
The yak gores you.
You die...
Your body crumbles into a pile of gold.

. ... ## ## .... #. ..
... $ #. # #. #####S#
# #.##. #..lS.#### ...
#.@Dl'....
#####.#######$$Y.#####
#.......#..$'$...#
##.#...).).###[...#
....^......# #$...#
##.####...(###....#
#.....#'#........# #
......#.#.########.# #
##### #|#.. ... .


You could see a yak, a basilisk, 2 water moccasins, a wyvern and an acid dragon.

Vanquished Creatures
  A centaur warrior (D:9)
  A deep elf pyromancer (D:7)
  A manticore (D:8)
  A troll (D:9)
  A yak (D:9)
  Eustachio (D:4)
  2 wyverns (D:9)
  2 basilisks
  Edmund (D:4)
  4 black bears
  An orc warrior (D:8)
  2 ice beasts
  3 necrophages
  2 centaurs
  2 ogres
  2 phantoms
  2 kobold brigands
  A bullfrog (D:6)
  5 scorpions
  2 water moccasin zombies
  A wyvern skeleton (D:5)
  3 killer bees (D:9)
  4 wights (D:7)
  2 howler monkeys
  A centaur zombie (D:9)
  A bullfrog zombie (D:6)
  A jelly (D:4)
  2 gnoll shamans (D:5)
  3 orc priests
  Crazy Yiuf (D:7)
  5 hounds
  4 iguanas
  7 orc wizards
  Natasha (thrice) (D:2)
  A hound skeleton (D:4)
  A howler monkey zombie (D:9)
  Robin (D:4)
  12 gnolls
  6 adders
  2 shadow imps
  An ufetubus (D:6)
  A worm (D:2)
  35 orcs
  10 bats
  6 endoplasms
  2 giant cockroaches
  15 goblins
  10 hobgoblins
  8 jackals
  2 quokkas
  11 ball pythons
  3 frilled lizards
  7 kobolds
  3 rats
212 creatures vanquished.

Vanquished Creatures (others)
  An orc wizard (D:9)
  2 bushes (D:9)
  5 fungi (D:9)
  13 plants (D:9)
21 creatures vanquished.

Grand Total: 233 creatures vanquished

Notes
Turn   | Place    | Note
-------+----------+-------------------------------------------
     0 | D:1      | MisterFreud the Octopode Gladiator began the quest for the
                  | Orb.
     0 | D:1      | Reached XP level 1. HP: 14/14 MP: 1/1
   117 | D:1      | Reached XP level 2. HP: 15/19 MP: 2/2
   624 | D:1      | Reached XP level 3. HP: 4/24 MP: 3/3
  1445 | D:2      | Noticed Natasha
  1453 | D:2      | Killed Natasha
  1454 | D:2      | Reached XP level 4. HP: 22/29 MP: 4/4
  1620 | D:2      | Found a faded altar of an unknown god.
  1695 | D:2      | Reached skill level 5 in Short Blades
  1706 | D:2      | Noticed Natasha
  1718 | D:2      | Killed Natasha
  1842 | D:2      | Noticed Natasha
  1850 | D:2      | Killed Natasha
  1851 | D:2      | Reached XP level 5. HP: 18/34 MP: 5/5
  2001 | D:2      | Identified the +5 spear of Nimoefui {antimagic, Int+6}
  2759 | D:3      | Found a broken altar of Ashenzari.
  2879 | D:3      | Noticed an ogre
  2892 | D:3      | Found a bloodstained altar of Trog.
  3122 | D:3      | Killed an ogre
  3123 | D:3      | Reached XP level 6. HP: 17/39 MP: 6/6
  3308 | D:3      | Found a hazy altar of Hepliaklqana.
  3700 | D:4      | Reached skill level 5 in Dodging
  3780 | D:4      | Found Hoklalol's Distillery.
  3845 | D:5      | Entered Level 5 of the Dungeon
  3875 | D:5      | Noticed a black bear
  4165 | D:6      | Reached XP level 7. HP: 42/45 MP: 7/7
  4782 | D:5      | Reached skill level 5 in Fighting
  4782 | D:5      | Reached XP level 8. HP: 28/55 MP: 8/8
  4850 | D:5      | Found Uxeigg's Jewellery Emporium.
  5092 | D:5      | Found Meniuson's Book Shoppe.
  5425 | D:4      | Bought a potion of invisibility for 104 gold pieces
  5425 | D:4      | Bought a potion of heal wounds for 65 gold pieces
  5619 | D:4      | Noticed Robin
  5631 | D:4      | Noticed Eustachio
  5635 | D:4      | Killed Robin
  5646 | D:4      | Killed Eustachio
  6254 | D:4      | Noticed Edmund
  6268 | D:4      | Killed Edmund
  6399 | D:4      | Reached XP level 9. HP: 50/61 MP: 9/9
  6780 | D:5      | Identified the +6 hand axe "Kexitad" {elec, Will+}
  7053 | D:5      | Reached skill level 10 in Short Blades
  7337 | D:6      | Found an opulent altar of Gozag.
  7712 | D:6      | Found a glowing golden altar of the Shining One.
  7886 | D:6      | Found a stormy altar of Qazlal.
  8114 | D:7      | Found a transporter.
  8115 | D:7      | Noticed a troll
  8117 | D:7      | Noticed a deep elf pyromancer
  8294 | D:7      | Noticed shugdite's ghost (novice MiFi)
  8295 | D:7      | Found a transporter.
  8738 | D:7      | Found a runed translucent door.
  8739 | D:7      | Noticed Crazy Yiuf
  8901 | D:7      | Found a staircase to the Ecumenical Temple.
  9147 | D:6      | Became a worshipper of Gozag Ym Sagoz the Greedy
  9434 | D:7      | Killed Crazy Yiuf
  9482 | D:7      | Killed a deep elf pyromancer
  9483 | D:7      | Reached skill level 10 in Dodging
  9483 | D:7      | Reached XP level 10. HP: 38/66 MP: 10/10
  9561 | D:8      | Noticed a manticore
  9587 | D:8      | Killed a manticore
  9886 | D:8      | Noticed a white ugly thing
 10500 | D:8      | Found Paddoki's Magic Scroll Shoppe.
 10508 | D:8      | Bought a scroll of teleportation for 42 gold pieces
 10881 | D:9      | Found Jola's Weapon Boutique.
 11355 | D:9      | Noticed a centaur warrior
 11371 | D:9      | Killed a centaur warrior
 11714 | D:9      | Identified the +1 leather armour "Lutsa" {rC++ Regen+ rCorr
                  | Str-4}
 11736 | D:9      | HP: 3/74 [acid dragon (2)]
 11736 | D:9      | Slain by a yak

Illustrated notes

Levels and vault maps discovered:
D:1:      elethiomel_arrival_quiet, layout_loops_ring,
          minmay_misc_feat_more_columns
D:2:      layout_basic, hellmonk_ecumenical_altar_lost_god,
          nrook_mini_backslash, chequers_serial_rivers_small_b, uniq_natasha
D:3:      layout_rooms, mainiacjoe_overflow_catch_the_wave,
          mainiacjoe_overflow_chevrons, corexii_item_surrounded_by_moat,
          lightli_corner_chamber
D:4:      layout_basic, hangedman_decor_points, minmay_shop_grid_forest,
          uniq_eustachio, uniq_edmund, uniq_robin
D:5:      layout_cave_pools, serial_shops, nicolae_shop_trees, shop_fountains
D:6:      layout_gridville, nicolae_qazlal_style_of_elements,
          grunt_gozag_statues, tso_metal_star, dk_rats_in_the_wall
D:7:      layout_basic, minmay_temple_entry_from_below_a, gammafunk_ghost_arena,
          nicolae_ossuary_entry_ruins, uniq_crazy_yiuf_cottage
D:8:      layout_loops_cross, serial_shops, nicolae_lakefront_shop, kb_rosetta
D:9:      layout_basic, minmay_lair_entry_grove, serial_shops,
          nicolae_shop_stone

Skill      XL: |  1  2  3  4  5  6  7  8  9 10 |
---------------+-------------------------------+-----
Short Blades   | 4 5 6 9 10 | 10.0
Dodging        | 4 5 6 10 | 10.0
Fighting       | 5 9 |  9.3
Throwing       | |  2.0

Action                   |  1- 3 |  4- 6 |  7- 9 | 10-12 || total
-------------------------+-------+-------+-------+-------++-------
Melee: Rapier            |    66 |   129 |   331 |   171 ||   697
       Constrict         |    12 |    29 |    69 |    17 ||   127
       Tentacles         |     7 |    28 |    84 |    42 ||   161
       Punch             |       |     3 |     2 |     4 ||     9
Throw: Throwing net      |       |     1 |       |       ||     1
Evoke: Wand              |       |       |       |     1 ||     1
  Use: Scroll            |       |       |     9 |     1 ||    10
       Potion            |       |       |     3 |     2 ||     5
 Stab: Sleeping          |     8 |     8 |     2 |     1 ||    19
       Invisible         |       |       |     3 |     4 ||     7
       Distracted        |       |       |       |     2 ||     2
Armor: Skin              |    15 |    16 |    76 |    21 ||   128
Dodge: Dodged            |    44 |    81 |   231 |   107 ||   463
Block: Other             |       |       |    59 |    24 ||    83
       Reflection        |       |       |     1 |     1 ||     2
